 Dungeon Crawl Stone Soup version 0.31-a0-233-g139696dc86 (webtiles) character file.

Game seed: 13616608100903401097

2523341 Shard1697 the Sensei (level 26, 311/315 HPs)
             Began as a Djinni Transmuter on July 9, 2023.
             Was the Champion of Ru.
             Escaped with the Orb
             ... and 4 runes!
             The game lasted 03:00:29 (61545 turns).

Shard1697 the Sensei (Djinni Transmuter)           Turns: 61545, Time: 03:00:30

Health: 311/315    AC: 20    Str: 23    XL:     26
Gold:   5046       EV: 16    Int: 23    God:    Ru [******] SH:  0 Dex: 12

rFire   + +          +
                       - Unarmed
rCold   . . .        w - melded +8 tower shield of the Wilderness {Slay+2}
rNeg    . . .        K - melded +4 skin of Zhor {*Englaciate rC+++ SInv}
rPois   ∞            G - melded +2 hat {Will+}
rElec   .            h - melded +2 cloak {Stlth+}
rCorr   +            N - melded +1 pair of gloves of Theory {Fly Slay+5}
SInv    .            (boots unavailable)
Will    ++...        E - amulet "Ysolatui" {Contam rF+ Regen+ rCorr}
Stlth   ++           f - ring of protection from cold
HPRegen 1.52/turn    p - +4 ring of protection
MPRegen 0.00/turn

%: no passive effects
@: dragon-form, flying, studying 3 skills
A: dragon claw, dragon scales, breathe fire, flying, boosted hp, sickness
immunity, giant, (fire resistance 2), (cold vulnerability 1), inability to use
devices, hated by all, inability to train armour, inexperienced 1, float, innate
caster, HP casting, extra vitality 1, clumsy 1, wild magic 1
0: Orb of Zot
}: 4/15 runes: decaying, serpentine, slimy, silver
a: Breathe Fire, End Transformation, Renounce Religion, Draw Out Power, Power
Leap, Apocalypse


You escaped.
You worshipped Ru.
Ru was exalted by your worship.
You were a fearsome dragon!
You visited 12 branches of the dungeon, and saw 56 of its levels.
You also visited: Sewer, Gauntlet, Ice Cave and Wizlab.

You collected 8380 gold pieces.
You spent 3334 gold pieces at shops.

Inventory:

Missiles
 o - 8 silver javelins
Armour
 h - a +2 cloak of stealth (melded)
 w - the +8 tower shield of the Wilderness (melded) {Slay+2}
   (You found it on level 3 of the Lair of Beasts)

   Slay:      It affects your accuracy & damage with ranged weapons and melee
   (+2).
 G - a +2 hat of willpower (melded)
 K - the +4 skin of Zhor (melded) {*Englaciate rC+++ SInv}
   (You found it in an ice cave)

   *Englaciate: It radiates cold, occasionally slowing all nearby creatures who
   are not resistant to cold.
   rC:        It renders you almost immune to cold.
   SInv:      It lets you see invisible.
 N - the +1 pair of gloves of Theory (melded) {Fly Slay+5}
   (You acquired it on level 5 of the Realm of Zot)

   Slay:      It affects your accuracy & damage with ranged weapons and melee
   (+5).
   Fly:       It grants you flight.
 Q - the +2 hat of the Bear Spirit {Spirit, Bear, *Rage Will++}
   (You found it on level 5 of the Pits of Slime)

   Bear:      Going berserk makes the wearer exceptionally tough, and they are
   slowed for a shorter time afterward.
   *Rage:     It berserks you when you make melee attacks (+20% chance).
   Will:      It greatly increases your willpower.
Jewellery
 f - a ring of protection from cold (left foreclaw)
 p - a +4 ring of protection (right foreclaw)
 C - the amulet of Gitulixt {Reflect rF+ Int+5 SH+5}
   (You acquired it on level 1 of the Tomb of the Ancients)

   [amulet of reflection]

   It reflects blocked missile attacks.
   Int:       It affects your intelligence (+5).
   rF:        It protects you from fire.
   SH:        It affects your SH (+5).
 D - the ring "Eloiryx" {rF+ rC- Will+++ MP+9}
   (You found it in a Gauntlet)

   [ring of magical power]

   rF:        It protects you from fire.
   rC:        It makes you vulnerable to cold.
   MP:        It affects your magic capacity (+9).
   Will:      It greatly increases your willpower.
 E - the amulet "Ysolatui" (around neck) {Contam rF+ Regen+ rCorr}
   (You found it on level 12 of the Dungeon)

   [amulet of regeneration]

   rF:        It protects you from fire.
   Contam:    It causes magical contamination when unequipped.
   Regen:     It increases your rate of health regeneration.
   rCorr:     It protects you from acid and corrosion.
 F - a +5 ring of evasion
 M - a ring of positive energy
 P - the ring of Tuemac {Wiz +Blink rElec}
   (You took it off a vault warden on level 5 of the Vaults)

   [ring of wizardry]

   It improves your spell success rate.
   rElec:     It insulates you from electricity.
   +Blink:    It lets you blink.
Scrolls
 b - 10 scrolls of poison
 j - 3 scrolls of torment
 k - 16 scrolls of teleportation
 m - 3 scrolls of brand weapon
 n - a scroll of silence
 s - 12 scrolls of revelation
 t - 9 scrolls of enchant weapon
 y - 13 scrolls of fog
 z - 33 scrolls of identify
 H - 10 scrolls of enchant armour
 J - 12 scrolls of vulnerability
 O - 15 scrolls of fear
Potions
 a - 4 potions of berserk rage
 c - 5 potions of enlightenment
 d - 12 potions of might
 e - 33 potions of curing
 g - 9 potions of resistance
 l - 3 potions of ambrosia
 q - 10 potions of heal wounds
 u - 9 potions of attraction
 v - 6 potions of lignification
 A - 8 potions of mutation
 B - 5 potions of brilliance
 L - 3 potions of invisibility


   Skills:
 + Level 23.2 Fighting
 + Level 23.6 Dodging
 - Level 8.8 Stealth
 - Level 20.4 Shields
 + Level 26.0 Unarmed Combat
 - Level 22.4 Spellcasting
 - Level 16.8 Conjurations
 - Level 16.8 Hexes
 - Level 19.6 Necromancy
 - Level 16.8 Translocations
 - Level 16.8 Transmutations
 - Level 16.8 Fire Magic
 - Level 16.8 Ice Magic
 - Level 16.8 Air Magic
 - Level 16.8 Earth Magic
 - Level 16.8 Poison Magic


You knew the following spells:

 Your Spells              Type           Power      Damage    Failure   Level
a - Necromutation         Tmut/Necr      48%        N/A       10%         8
b - Spider Form           Tmut/Pois      93%        N/A       1%          3
c - Teleport Other        Tloc           93%        N/A       1%          3
d - Ice Form              Ice/Tmut       93%        N/A       1%          4
e - Eringya's Noxious Bo  Tmut/Pois      46%        4d6       1%          6
f - Freezing Cloud        Conj/Ice/Air   46%        6-21      1%          5
g - Death Channel         Necr           50%        N/A       1%          6
h - Cause Fear            Hex            46%        N/A       1%          4
i - Sting                 Tmut/Pois      100%       1d8       1%          1
j - Swiftness             Air            93%        N/A       1%          3
k - Beastly Appendage     Tmut           100%       N/A       1%          1
l - Momentum Strike       Conj/Tloc      100%       3d10      1%          2
m - Wereblood             Tmut           93%        N/A       1%          2
n - Maxwell's Capacitive  Air            46%        ∞         16%         8
r - Dragon Form           Tmut           46%        N/A       2%          7
t - Enfeeble              Hex            46%        N/A       2%          7
Your spell library was empty.

Dungeon Overview and Level Annotations

Branches:
Dungeon (15/15)            Temple (0/1) D:6            Lair (5/5) D:9
  Swamp (4/4) Lair:2        Snake (4/4) Lair:2        Slime (5/5) Lair:4
    Orc (2/2) D:12            Elf (3/3) Orc:2        Vaults (5/5) D:14
  Crypt (3/3) Vaults:3       Tomb (1/3) Crypt:3      Depths (4/4) D:15
    Zot (5/5) Depths:4      Sewer (visited)           IceCv (visited)
 WizLab (visited)         Gauntlet (visited)

Altars:
Cheibriados
Dithmenos
Elyvilon
Gozag
Makhleb
Okawaru
Qazlal
Ru
Trog
Wu Jian
Xom
Zin
The Shining One

Shops:
D:1 =   D:10 (   D:11 !   D:12 *   Orc:2 ??[(   Elf:1 (   Elf:2 !   Elf:3 *
Snake:1 ?[   Snake:2 !*   Snake:3 *   Vaults:2 [(([   Vaults:3 [   Vaults:4 (
Depths:1 **   Depths:2 :   Depths:3 (

Portals:
Hell: Depths:1 Depths:2 Depths:3 Depths:4
Abyss: Depths:1 Depths:3 Depths:4
Pandemonium: Depths:2
Ziggurat: Depths:3
Trove: Vaults:2 (give +2 ice dragon scales)

Annotations:
D:3 2 transporters, Shard1697's ghost, amateur DjEn
D:7 2 transporters, AltDragon's ghost, novice OpSu
Lair:2 2 transporters, avis's ghost, journeyman OgTm
Vaults:2 Qeunemit's ghost, adept GrFi


Innate Abilities, Weirdness & Mutations

You are a fearsome dragon!
You have a powerful clawing attack.
Your giant scaled body is strong and resiliant, but less evasive.
You can breathe fire.
You are flying.
Your maximum health is greatly increased.
Your armour is entirely melded.
You are incapable of wielding weapons or throwing items.
You are immune to sickness and miasma.
You are immune to poison.
((Your flesh is very heat resistant. (rF++)))
((You are vulnerable to cold. (rC-)))
You cannot study or use magical devices.
You are hated by all.
You cannot train Armour skill.
You are somewhat inexperienced. (-1 XL)
You float through the air rather than walking.
You learn spells naturally, not from books.
Your magical power is your life essence.
You have superior vitality. (+4 MHP)
You are clumsy. (Dex -2)
Your spells are a little harder to cast, but a little more powerful.


Message History

You maul the large abomination!!!
You destroy the large abomination!
You bite the Executioner!! You tail-slap the Executioner.
You bite the Executioner, but do no damage.
The Executioner is heavily wounded.
The Executioner hits you but does no damage. x3
You bite the Executioner!! You bite the Executioner.
The Executioner is almost dead.
The Executioner gestures.
The Executioner seems to speed up.
You completely miss the Executioner. Your claw misses the Executioner.
The Executioner is almost dead.
The Executioner misses you. The Executioner hits you.
The Executioner hits you but does no damage.
You maul the Executioner!!!!
You kill the Executioner!
Your life force feels restored.
You maul the large abomination!!!!
You destroy the large abomination!
You claw the large abomination! You claw the large abomination.
The large abomination is moderately damaged.
The large abomination closely misses you.
You maul the large abomination!!!!
You destroy the large abomination!
An orange demon comes into view.
The orange demon stings you! The orange demon misses you.
You hit the orange demon. You tail-slap the orange demon.
You claw the orange demon!!
The orange demon is almost dead.
You maul the orange demon!!!
You kill the orange demon!
There is a stone staircase leading up here.
You fly upwards.
There is a stone staircase leading down here.
HP restored.
There is a staircase leading out of the dungeon here.
Casting: Dragon Form (mildly dangerous; 2% risk of failure)
Confirm with . or Enter, or press ? or * to list all spells.
You extend your transformation's duration.
You have escaped!

#.# #.# #.#####..#.####
#.# #.# #.....#..#.# #
#.# #.# #####.#..#.####
#.###.#### #...>......
#.##.#...## #...#..####
#...#.....####...#..#
##..................####
##........###..........
#....D....##..>..#####
##.......###..........
#.......# #..#..##.##
##.....####..#.....#
#.#####.....#...###
#...............#
#####...###.#..#####
#.### #......... #.#
###.......


There were no monsters in sight!

Vanquished Creatures
  the Royal Jelly (Slime:5)
  2 ancient liches
  14 orbs of fire
  5 dread liches
  A juggernaut (Depths:3)
  Josephina (Zot:1)
  3 royal mummies (Tomb:1)
  Bai Suzhen (Vaults:4)
  5 Killer Klowns
  Saint Roka (Depths:2)
  3 curse toes
  5 golden dragons
  Nikola (Vaults:3)
  2 bone dragons
  3 electric golems
  A Tzitzimitl (D:7)
  A shard shrike zombie (Crypt:3)
  3 pandemonium lords
  An Ice Fiend (D:3)
  Jorgrun (Swamp:1)
  6 liches
  A walking crystal tome (Depths:3)
  14 tentacled monstrosities
  23 Orb Guardians
  A walking divine tome (Depths:4)
  2 titans
  A deep elf master archer (Elf:3)
  18 acid blobs
  A deep elf blademaster (Elf:3)
  6 quicksilver dragons
  2 Executioners
  2 ancient champions
  Gastronok (Lair:1)
  17 sphinxes
  6 death cobs
  2 thorn hunters
  The ghost of olmar the Bludgeoner, an adept AtFi of Gozag (Elf:3)
  6 shadow dragons
  Frances (Elf:1)
  6 tengu reavers
  The ghost of Kevimi the Acrobat, an adept FeNe of Sif Muna (Vaults:1)
  9 storm dragons
  5 draconian knights
  8 azure jellies (Slime:5)
  9 rockslimes
  6 draconian monks
  A fenstrider witch (Swamp:3)
  7 frost giants
  A demonspawn warmonger (Depths:2)
  A daeva (D:12)
  11 fire giants
  4 nagarajas
  6 draconian scorchers
  9 deep elf sorcerers
  18 vault wardens
  A ghost moth (Zot:5)
  A caustic shrike zombie (Crypt:1)
  4 curse skulls
  3 iron dragons
  3 demonspawn corrupters (WizLab)
  5 draconian annihilators
  7 draconian shifters
  6 ghouls
  7 draconian stormcallers
  12 ironbound preservers
  3 war gargoyles
  5 deep elf elementalists (Elf:3)
  3 orc warlords
  4 spriggan defenders
  29 very ugly things
  6 quicksilver oozes
  2 formless jellyfish
  6 ironbound thunderhulks
  20 stone giants
  7 deep elf demonologists
  13 green draconians
  7 vampire knights
  5 eleionomae
  2 bennus (Tomb:1)
  Nessos (Orc:2)
  2 bunyips
  10 deep elf annihilators
  2 lorocyprocas
  A demonspawn black sun (Depths:2)
  11 purple draconians
  3 spark wasps (Depths:1)
  7 yellow draconians
  5 white draconians
  9 black draconians
  7 red draconians
  8 dire elephants
  The ghost of Mant the Covert, a journeyman OpBr of Gozag (Lair:3)
  4 eidola
  Snorg (D:12)
  11 fire dragons
  A blizzard demon (Depths:4)
  A quicksilver dragon zombie (Crypt:2)
  2 crystal guardians
  13 deep elf death magi
  4 mummy priests (Tomb:1)
  16 ettins
  A shambling mangrove (Swamp:1)
  17 yaktaur captains
  10 deep elf high priests
  6 great orbs of eyes
  8 jiangshi
  2 entropy weavers
  5 ice dragons
  3 rakshasas
  A quicksilver dragon skeleton (Crypt:3)
  37 vault guards
  3 peacekeepers
  3 catoblepae
  2 hell beasts (Depths:4)
  5 death knights
  2 ogre magi
  16 hydras
  A salamander tyrant (Snake:1)
  2 ghost crabs
  10 centaur warriors
  6 ironbound frosthearts
  6 spriggan air magi
  2 merfolk aquamancers (WizLab)
  10 anacondas
  25 dancing weapons
  9 two-headed ogres
  11 death scarabs (Tomb:1)
  4 boulder beetles
  5 deep troll shamans
  3 alligators
  12 naga warriors
  4 vampire magi
  3 demonic crawlers
  A hell hog (D:7)
  4 tengu warriors
  6 deep troll earth magi
  6 death yaks
  8 naga sharpshooters
  9 spriggan berserkers
  3 soul eaters
  8 shock serpents
  A storm dragon zombie (Crypt:2)
  Sonja (Lair:3)
  Urug (Orc:1)
  Nergalle (D:11)
  16 deep elf knights
  A titan zombie (Crypt:2)
  A sun demon (D:3)
  A bunyip zombie (Swamp:2)
  34 skeletal warriors
  2 skysharks
  4 goliath frogs
  20 hell knights
  2 fire crabs (Gauntlet)
  A fire crab (shapeshifter) (Elf:1)
  35 deep trolls
  5 iron trolls
  6 spriggan druids
  6 salamander mystics
  4 titan skeletons
  7 sea snakes
  A golden dragon zombie (Vaults:4)
  12 bog bodies
  14 deep elf archers
  9 swamp dragons
  7 glowing orange brains
  A golden dragon skeleton (Crypt:3)
  4 flayed ghosts
  2 bunyip skeletons
  A harpy (shapeshifter) (Vaults:5)
  A spriggan rider (Depths:3)
  15 ironbound convokers
  17 necromancers
  14 wizards
  2 shining eyes (Slime:1)
  9 naga ritualists
  16 deep elf pyromancers
  11 phantasmal warriors
  A shadow dragon skeleton (Vaults:4)
  An oklob plant (Lair:3)
  6 lindwurms
  2 wolf spiders
  26 deep elf zephyrmancers
  4 harpies (Vaults:3)
  8 orc knights
  3 orc sorcerers (Orc:2)
  11 mana vipers
  15 salamanders
  A frost giant zombie (Depths:1)
  2 human zombies (Vaults:4)
  36 ugly things
  6 cyclopes
  4 manticores
  Maurice (D:13)
  7 will-o-the-wisps
  3 centaur zombies
  A fire giant zombie (Depths:1)
  14 elephants
  24 moths of wrath
  A rust devil (D:9)
  An eye of devastation (shapeshifter) (Vaults:5)
  A water nymph (shapeshifter) (Vaults:5)
  6 guardian serpents
  A naga zombie (Crypt:2)
  20 vault sentinels
  A dire elephant skeleton (Crypt:3)
  4 centaur skeletons (D:14)
  A torpor snail (Lair:4)
  A cane toad (Lair:1)
  10 naga magi
  3 ice statues
  3 smoke demons
  5 gargoyles
  A shock serpent zombie (Crypt:1)
  An orange demon (D:2)
  54 black mambas
  A kobold demonologist (D:13)
  A komodo dragon (shapeshifter) (Elf:1)
  An elf zombie (Vaults:4)
  6 unseen horrors
  36 yaktaurs
  5 komodo dragons
  A spark wasp simulacrum (Depths:1)
  A tengu conjurer (Depths:4)
  A black draconian skeleton (Crypt:2)
  A bunyip simulacrum (Swamp:2)
  9 guardian mummies
  2 anaconda simulacra (IceCv)
  2 rime drakes
  9 freezing wraiths
  Psyche (D:11)
  7 ice devils (IceCv)
  A harpy zombie (Crypt:1)
  A merfolk (D:15)
  2 red devils (Crypt:3)
  A hydra zombie (Crypt:3)
  A queen bee (shapeshifter) (WizLab)
  4 polar bears
  8 trolls
  10 tyrant leeches
  Grinder (D:3)
  12 hornets
  33 blink frogs
  A human simulacrum (Vaults:4)
  A raiju (shapeshifter) (Elf:2)
  69 slime creatures
  4 harpy skeletons
  3 alligator zombies (Swamp:2)
  6 dream sheep
  A stone giant simulacrum (Crypt:2)
  A black mamba zombie (Crypt:3)
  3 ettin skeletons (Crypt:3)
  An air elemental (Elf:2)
  3 ettin zombies
  15 flying skulls (Tomb:1)
  A spriggan (shapeshifter) (WizLab)
  A centaur simulacrum (Crypt:1)
  A ynoxinul (D:12)
  7 water elementals
  12 wraiths
  2 dire elephant simulacra (IceCv)
  12 spriggans
  8 wyverns
  7 fire bats (Gauntlet)
  An ushabti (Crypt:3)
  3 basilisks
  10 golden eyes
  63 yaks
  3 fire elementals
  2 redbacks (Vaults:2)
  A golden eye (shapeshifter) (D:14)
  Grum (D:11)
  2 steam dragons
  4 chaos spawn (Depths:3)
  2 redbacks (shapeshifter) (Depths:2)
  15 vampire mosquitoes
  Menkaure (D:7)
  A glowing shapeshifter zombie (Vaults:4)
  6 harpy simulacra
  An entropy weaver zombie (Crypt:1)
  7 wargs
  A purple draconian simulacrum (Zot:1)
  An acid dragon (D:14)
  13 swamp worms
  A hydra simulacrum (IceCv)
  39 nagas
  A deep troll zombie (Crypt:1)
  12 water moccasins
  A floating eye (shapeshifter) (Vaults:5)
  Duvessa (D:6)
  3 hell hounds (Gauntlet)
  3 moth of wrath simulacra (Zot:1)
  3 small abominations (Depths:3)
  A floating eye (Depths:2)
  33 orc warriors
  An ice beast (D:7)
  3 sky beasts
  8 swamp drakes
  7 black bears
  A swamp dragon zombie (Swamp:2)
  3 centaurs
  15 wolves
  7 large abominations
  10 ogres
  A lindwurm skeleton (Crypt:2)
  7 kobold brigands
  18 bullfrogs
  2 gnoll sergeants (D:9)
  2 scorpions
  A necrophage (Swamp:3)
  An earth elemental (Elf:2)
  A glowing shapeshifter simulacrum (Vaults:4)
  A human skeleton (Vaults:4)
  A two-headed ogre simulacrum (IceCv)
  Dowan (D:6)
  7 wights
  5 electric eels
  12 howler monkeys
  A troll skeleton (D:9)
  7 spriggan skeletons
  A black bear zombie (Crypt:1)
  5 jellies
  24 orc priests
  4 hounds
  2 iguanas
  24 orc wizards
  9 hell rats
  A troll simulacrum (IceCv)
  A wolf simulacrum (IceCv)
  A tengu skeleton (Crypt:1)
  16 mummies
  14 gnolls
  A howler monkey skeleton (Crypt:2)
  7 adders
  2 river rats (Sewer)
  A white imp (D:7)
  3 worms (D:4)
  5 dart slugs
  99 orcs
  17 endoplasms
  5 giant cockroaches
  6 goblins
  3 hobgoblins
  6 quokkas
  8 ball pythons
  4 bats
  8 frilled lizards
  14 kobolds
  10 rats
2380 creatures vanquished.

Vanquished Creatures (others)
  Vashnia (Snake:4)
  A Tzitzimitl (D:8)
  An Orb Guardian (Zot:5)
  A deep elf master archer (Elf:3)
  A deep elf blademaster (Elf:2)
  A quicksilver dragon (Zot:1)
  An ancient champion (Crypt:1)
  2 nagarajas (Snake:4)
  3 rockslimes
  Aizul (Swamp:1)
  A draconian shifter (Zot:4)
  A draconian stormcaller (Zot:3)
  A reaper (IceCv)
  2 vampire knights
  A green draconian (Zot:1)
  An ironbound thunderhulk (Vaults:3)
  A minotaur (Gauntlet)
  2 ettins
  A shambling mangrove (Swamp:4)
  A deep elf high priest (Elf:3)
  6 hydras
  2 catoblepae (Lair:5)
  A death yak (Lair:5)
  An ironbound frostheart (Vaults:3)
  A dancing weapon (Elf:3)
  A naga warrior (Snake:3)
  A naga sharpshooter (Snake:4)
  3 deep elf knights
  A spriggan (Swamp:1)
  A skeletal warrior (Crypt:3)
  2 swamp dragons
  A sea snake (Snake:4)
  A phantasmal warrior (Vaults:3)
  2 deep elf zephyrmancers
  A manticore (D:12)
  An elephant (Lair:5)
  3 black mambas
  4 guardian serpents
  A vault sentinel (Vaults:1)
  An eye of devastation (Slime:5)
  A torpor snail (Lair:5)
  2 freezing wraiths
  A yaktaur (D:14)
  2 bloated husks (Swamp:3)
  2 hornets (Swamp:1)
  2 dream sheep (Lair:5)
  A slime creature (Slime:1)
  An air elemental (Elf:3)
  2 ettin skeletons
  A yak (Lair:5)
  2 swamp worms (Swamp:1)
  3 nagas
  A water moccasin (Lair:3)
  A hydra simulacrum (IceCv)
  A two-headed ogre skeleton (Crypt:2)
  4 orc warriors
  An ogre (Orc:2)
  A bullfrog (Lair:4)
  An orc wizard (D:12)
  A hell rat (Lair:4)
  5 orcs
  28 foxfires
124 creatures vanquished.

Grand Total: 2504 creatures vanquished

Notes
Turn   | Place    | Note
-------+----------+-------------------------------------------
     0 | D:1      | Shard1697 the Djinni Transmuter began the quest for the
                  | Orb.
     0 | D:1      | Shard1697 set off with the following spells memorised:
                  | Beastly Appendage, Wereblood, Spider Form, Ice Form.
     0 | D:1      | Reached XP level 1. HP: 17/17 MP: 0/0
    59 | D:1      | Found Silenub's Jewellery Shop.
   242 | D:1      | Reached XP level 2. HP: 21/22 MP: 0/0
   910 | D:2      | Reached XP level 3. HP: 20/27 MP: 0/0
   910 | D:2      | Learned a level 1 spell: Sting
  1416 | D:3      | Found a sacrificial altar of Ru.
  1419 | D:3      | Found a hazy altar of Hepliaklqana.
  1422 | D:3      | Became a worshipper of Ru the Awakened
  1521 | D:3      | Noticed Grinder
  1533 | D:3      | Killed Grinder
  1534 | D:3      | Reached skill level 5 in Unarmed Combat
  1534 | D:3      | Reached XP level 4. HP: 29/32 MP: 0/0
  1534 | D:3      | Reached XP level 5. HP: 33/37 MP: 0/0
  1534 | D:3      | Learned a level 2 spell: Momentum Strike
  1534 | D:3      | Reached XP level 6. HP: 38/42 MP: 0/0
  1733 | D:3      | Found a transporter.
  1746 | D:3      | Noticed Shard1697's ghost (amateur DjEn)
  1747 | D:3      | Found a transporter.
  2477 | D:4      | Found a glowing drain.
  2512 | Sewer    | Entered a sewer
  2558 | Sewer    | Gained mutation: You are somewhat inexperienced. (-1 XL)
                  | [Ru sacrifice]
  2558 | Sewer    | Reached XP level 5. HP: 37/37 MP: 0/0
  2558 | Sewer    | Reached * piety under Ru
  2558 | Sewer    | Reached ** piety under Ru
  2626 | Sewer    | Reached XP level 6. HP: 35/42 MP: 0/0
  2737 | Sewer    | Found a viscous altar of Jiyva.
  3077 | D:4      | Found a snail-covered altar of Cheibriados.
  3238 | D:4      | Found a stormy altar of Qazlal.
  3414 | D:4      | Reached skill level 6 in Unarmed Combat
  3624 | D:5      | Entered Level 5 of the Dungeon
  3751 | D:5      | Reached XP level 7. HP: 36/47 MP: 0/0
  3751 | D:5      | Learned a level 3 spell: Teleport Other
  4089 | D:6      | Reached skill level 5 in Spellcasting
  4089 | D:6      | Reached skill level 5 in Conjurations
  4089 | D:6      | Reached skill level 5 in Hexes
  4089 | D:6      | Reached skill level 5 in Summonings
  4089 | D:6      | Reached skill level 5 in Necromancy
  4089 | D:6      | Reached skill level 5 in Translocations
  4089 | D:6      | Reached skill level 5 in Transmutations
  4089 | D:6      | Reached skill level 5 in Fire Magic
  4089 | D:6      | Reached skill level 5 in Ice Magic
  4089 | D:6      | Reached skill level 5 in Air Magic
  4089 | D:6      | Reached skill level 5 in Earth Magic
  4089 | D:6      | Reached skill level 5 in Poison Magic
  4124 | D:6      | Noticed Dowan
  4125 | D:6      | Noticed Duvessa
  4174 | D:6      | Killed Dowan
  4175 | D:6      | Reached skill level 7 in Unarmed Combat
  4175 | D:6      | Killed Duvessa
  4229 | D:6      | You are sucked into a shaft and drop 3 floors!
  4230 | D:9      | Noticed a yak
  4233 | D:9      | Identified a scroll of acquirement
  4233 | D:9      | Acquired a manual of Spellcasting
  4247 | D:9      | Killed a yak
  4249 | D:9      | Noticed a yak
  4249 | D:9      | Noticed a yak
  4250 | D:9      | Noticed a yak
  4257 | D:9      | Killed a yak
  4262 | D:9      | Killed a yak
  4263 | D:9      | Reached skill level 8 in Unarmed Combat
  4263 | D:9      | Reached XP level 8. HP: 34/52 MP: 0/0
  4278 | D:9      | Identified the +0 ring mail of Fobi {rCorr Str+2 Int-2
                  | Slay+3}
  4343 | D:8      | Noticed a two-headed ogre
  4359 | D:8      | Killed a two-headed ogre
  4360 | D:8      | Reached skill level 9 in Unarmed Combat
  4410 | D:8      | Gained mutation: You are very vulnerable to cold. (rC--)
                  | [potion of mutation]
  4410 | D:8      | Gained mutation: You are partially covered in iridescent
                  | scales. (AC +2) [potion of mutation]
  4410 | D:8      | Gained mutation: You are strong-willed. (Will+) [potion of
                  | mutation]
  4410 | D:8      | Gained mutation: Your mind is acute. (Int +4, Str/Dex -1)
                  | [potion of mutation]
  4411 | D:8      | Lost mutation: You are partially covered in iridescent
                  | scales. (AC +2) [potion of mutation]
  4411 | D:8      | Lost mutation: Your mind is acute. (Int +4, Str/Dex -1)
                  | [potion of mutation]
  4411 | D:8      | Lost mutation: You are very vulnerable to cold. (rC--)
                  | [potion of mutation]
  4411 | D:8      | Gained mutation: You passively map a small area around you.
                  | [potion of mutation]
  4690 | D:6      | HP: 1/52 [acid (10)]
  4881 | D:6      | Found a staircase to the Ecumenical Temple.
  5016 | D:6      | Gained mutation: You cannot study or use magical devices.
                  | [Ru sacrifice]
  5016 | D:6      | Reached *** piety under Ru
  5016 | D:6      | Reached **** piety under Ru
  5244 | D:7      | Reached XP level 9. HP: 53/57 MP: 0/0
  5244 | D:7      | Learned a level 3 spell: Swiftness
  5432 | D:7      | Noticed Menkaure
  5439 | D:7      | Killed Menkaure
  5440 | D:7      | Reached skill level 10 in Unarmed Combat
  5534 | D:7      | Found a transporter.
  5538 | D:7      | Found a transporter.
  5539 | D:7      | Noticed AltDragon's ghost (novice OpSu)
  6507 | D:8      | Found a glowing silver altar of Zin.
  6658 | D:8      | Found a burning altar of Makhleb.
  6962 | D:9      | Reached skill level 5 in Dodging
  6970 | D:9      | Reached skill level 5 in Fighting
  7067 | D:9      | Gained mutation: You cannot train Armour skill. [Ru
                  | sacrifice]
  7067 | D:9      | Reached ***** piety under Ru
  7260 | D:9      | Killed an unseen horror
  7306 | D:9      | Reached XP level 10. HP: 66/70 MP: 0/0
  7428 | D:9      | Found a staircase to the Lair.
  7758 | D:10     | Entered Level 10 of the Dungeon
  7760 | D:10     | Found Sagaot's Weapon Emporium.
  7882 | D:10     | Reached skill level 11 in Unarmed Combat
  7956 | D:10     | Noticed a manticore
  7970 | D:10     | Killed a manticore
  9189 | D:11     | Noticed a two-headed ogre
  9196 | D:11     | Killed a two-headed ogre
  9203 | D:11     | Noticed Nergalle
  9203 | D:11     | Noticed Psyche
  9232 | D:11     | Killed Nergalle
  9243 | D:11     | Killed Psyche
  9372 | D:11     | Found Paemim's Distillery.
  9376 | D:11     | Bought a potion of degeneration for 16 gold pieces
  9377 | D:11     | Bought a potion of haste for 160 gold pieces
  9377 | D:11     | Bought a potion of haste for 160 gold pieces
  9377 | D:11     | Bought a potion of curing for 48 gold pieces
  9377 | D:11     | Bought a potion of berserk rage for 80 gold pieces
  9430 | D:11     | Noticed a two-headed ogre
  9438 | D:11     | Killed a two-headed ogre
  9500 | D:11     | Gained mutation: You are hated by all. [Ru sacrifice]
  9500 | D:11     | Reached ****** piety under Ru
  9510 | D:11     | Noticed Grum
  9524 | D:11     | Killed Grum
  9529 | D:11     | Reached XP level 11. HP: 81/81 MP: 0/0
  9529 | D:11     | Learned a level 4 spell: Cause Fear
 10101 | D:12     | Noticed Snorg
 10246 | D:12     | Found Ipi Veas's Assorted Antiques.
 10378 | D:12     | Reached skill level 12 in Unarmed Combat
 10412 | D:12     | Reached skill level 10 in Dodging
 10512 | D:12     | Found a staircase to the Orcish Mines.
 10580 | D:12     | Bought a golden potion for 25 gold pieces
 10580 | D:12     | Bought a scroll labelled ZAFUMA FOAZOG for 28 gold pieces
 10631 | D:12     | Killed Snorg
 10632 | D:12     | Reached skill level 1 in Stealth
 10651 | D:12     | Identified the +1 robe of Darkness {Harm rC- Dex-2 Slay+6}
 10830 | D:12     | Identified the amulet "Ysolatui" {Contam rF+ Regen+ rCorr}
 10941 | Orc:1    | Entered Level 1 of the Orcish Mines
 11001 | Orc:1    | Noticed Urug
 11106 | Orc:1    | Killed Urug
 11286 | Orc:2    | Entered Level 2 of the Orcish Mines
 11286 | Orc:2    | Found a staircase to the Elven Halls.
 11294 | Orc:2    | Reached skill level 10 in Fighting
 11300 | Orc:2    | Noticed Nessos
 11427 | Lair:1   | Entered Level 1 of the Lair of Beasts
 11486 | Lair:1   | Reached XP level 12. HP: 91/91 MP: 0/0
 11852 | Lair:1   | Noticed Gastronok
 11890 | Lair:1   | Killed Gastronok
 12389 | Lair:2   | Reached skill level 13 in Unarmed Combat
 12467 | Lair:2   | Noticed a catoblepas
 12472 | Lair:2   | Found a transporter.
 12476 | Lair:2   | Found a transporter.
 12477 | Lair:2   | Noticed avis's ghost (journeyman OgTm)
 12537 | Lair:2   | Found a staircase to the Snake Pit.
 12970 | Lair:2   | Found a staircase to the Swamp.
 13207 | Lair:3   | Noticed Sonja
 13221 | Lair:3   | Killed Sonja
 13251 | Lair:3   | Reached skill level 5 in Stealth
 13275 | Lair:3   | Identified the +8 tower shield of the Wilderness {Slay+2}
 13356 | Lair:3   | Found a gate leading to a gauntlet.
 13362 | Gauntlet | Entered a Gauntlet
 13362 | Gauntlet | Found a transporter.
 13369 | Gauntlet | Found a transporter.
 13372 | Gauntlet | Found a transporter.
 13373 | Gauntlet | Found a transporter.
 13381 | Gauntlet | Found a transporter.
 13384 | Gauntlet | Found a transporter.
 13385 | Gauntlet | Found a transporter.
 13394 | Gauntlet | Found a transporter.
 13396 | Gauntlet | Found a transporter.
 13397 | Gauntlet | Found a transporter.
 13405 | Gauntlet | Found a transporter.
 13408 | Gauntlet | Found a transporter.
 13409 | Gauntlet | Found a transporter.
 13417 | Gauntlet | Found a transporter.
 13534 | Gauntlet | Reached skill level 1 in Shields
 13644 | Gauntlet | Reached skill level 14 in Unarmed Combat
 13681 | Gauntlet | Reached XP level 13. HP: 99/99 MP: 0/0
 13681 | Gauntlet | Learned a level 5 spell: Freezing Cloud
 13785 | Gauntlet | Identified the ring "Eloiryx" {rF+ rC- Will+++ MP+9}
 13823 | Gauntlet | Noticed a minotaur
 13848 | Gauntlet | Killed a minotaur
 13855 | Gauntlet | Identified the +1 leather armour "Gunnoutufa" {rF+ Str+2
                  | SInv}
 13916 | Lair:3   | Found a runed translucent gate.
 13916 | Lair:3   | Found a runed translucent gate.
 13917 | Lair:3   | Found a runed translucent gate.
 14286 | Lair:3   | Noticed Mant's ghost (journeyman OpBr)
 14399 | Lair:3   | Reached skill level 5 in Shields
 14412 | Lair:3   | Killed Mant's ghost
 14801 | Lair:4   | Reached skill level 15 in Unarmed Combat
 15261 | Lair:4   | Found a staircase to the Slime Pits.
 15765 | Lair:5   | Entered Level 5 of the Lair of Beasts
 15917 | Lair:5   | Found a frozen archway.
 15941 | IceCv    | Entered an ice cave
 15993 | IceCv    | Reached XP level 14. HP: 105/105 MP: 0/0
 16175 | IceCv    | Reached skill level 10 in Spellcasting
 16282 | IceCv    | Found the +4 skin of Zhor {*Englaciate rC+++ SInv}
 16282 | IceCv    | Noticed a reaper
 16292 | IceCv    | Killed a reaper
 16670 | Lair:5   | Reached skill level 16 in Unarmed Combat
 17452 | Lair:5   | Identified the +6 shortbow "Asotsadgh" {drain, Str+3 Int-2
                  | Stlth+}
 17930 | Orc:2    | Killed Nessos
 18006 | Orc:2    | Found Waoge's Magic Scroll Boutique.
 18053 | Orc:2    | Bought a scroll of silence for 142 gold pieces
 18053 | Orc:2    | Bought a scroll of teleportation for 45 gold pieces
 18053 | Orc:2    | Bought a scroll of fear for 60 gold pieces
 18267 | Orc:2    | Found Qeutyeno's Magic Scroll Shop.
 18303 | Orc:2    | Bought a scroll of blinking for 112 gold pieces
 18303 | Orc:2    | Bought a scroll of enchant armour for 112 gold pieces
 18303 | Orc:2    | Bought a scroll of teleportation for 45 gold pieces
 18303 | Orc:2    | Bought a scroll of teleportation for 45 gold pieces
 18303 | Orc:2    | Bought a scroll of teleportation for 45 gold pieces
 18303 | Orc:2    | Bought a scroll of teleportation for 45 gold pieces
 18303 | Orc:2    | Bought a scroll of teleportation for 45 gold pieces
 19066 | Orc:2    | Noticed an orc warlord
 19130 | Orc:2    | Reached skill level 10 in Shields
 19196 | Orc:2    | Killed an orc warlord
 19234 | Orc:2    | Found Noap's Antique Weapon Emporium.
 19236 | Orc:2    | Found Hinn's Antique Armour Shoppe.
 19459 | Snake:1  | Entered Level 1 of the Snake Pit
 19470 | Snake:1  | Reached XP level 15. HP: 112/112 MP: 0/0
 19470 | Snake:1  | Learned a level 6 spell: Death Channel
 19579 | Snake:1  | Found Jeongu's Magic Scroll Shop.
 19587 | Snake:1  | Bought a scroll of vulnerability for 68 gold pieces
 19587 | Snake:1  | Bought 3 scrolls of enchant armour for 382 gold pieces
 19587 | Snake:1  | Bought a scroll of vulnerability for 68 gold pieces
 19587 | Snake:1  | Bought a scroll of identify for 34 gold pieces
 19587 | Snake:1  | Bought a scroll of identify for 34 gold pieces
 19587 | Snake:1  | Bought a scroll of vulnerability for 68 gold pieces
 19587 | Snake:1  | Bought a scroll of fear for 68 gold pieces
 19909 | Snake:1  | Reached skill level 17 in Unarmed Combat
 20018 | Snake:1  | Found Gouto's Armour Shoppe.
 20165 | Snake:2  | Found Vojeyr's Assorted Antiques.
 20165 | Snake:2  | Found Femaskew's Distillery.
 20211 | Snake:2  | Bought a scroll of blinking for 217 gold pieces
 20217 | Snake:2  | Bought a potion of invisibility for 112 gold pieces
 20217 | Snake:2  | Bought a potion of enlightenment for 70 gold pieces
 21548 | Snake:3  | Found Tegu's Assorted Antiques.
 21574 | Snake:3  | Bought a scroll of fear for 124 gold pieces
 21869 | Snake:3  | Reached XP level 16. HP: 71/120 MP: 0/0
 22953 | Snake:4  | Entered Level 4 of the Snake Pit
 23048 | Snake:3  | Reached skill level 18 in Unarmed Combat
 23222 | Snake:4  | Identified the +5 halberd of Koxeiq {heavy, rF- Dex+4 SInv}
 23597 | Snake:4  | Noticed Vashnia
 23713 | Snake:4  | Killed Vashnia
 24205 | Snake:4  | Reached XP level 17. HP: 113/114 MP: 0/0
 24205 | Snake:4  | Learned a level 7 spell: Dragon Form
 24639 | Snake:4  | Got a serpentine rune of Zot
 24815 | Swamp:1  | Entered Level 1 of the Swamp
 24997 | Swamp:1  | Noticed Jorgrun
 25022 | Swamp:1  | Killed Jorgrun
 25771 | Swamp:2  | Noticed Aizul
 25832 | Swamp:1  | Killed Aizul
 25912 | Swamp:2  | Reached skill level 19 in Unarmed Combat
 27224 | Swamp:4  | Entered Level 4 of the Swamp
 27383 | Swamp:4  | Reached XP level 18. HP: 121/134 MP: 0/0
 27600 | Swamp:4  | Got a decaying rune of Zot
 28519 | D:13     | Noticed Maurice
 28537 | D:13     | Killed Maurice
 28768 | D:13     | Found a shadowy altar of Dithmenos.
 28953 | D:14     | Identified the +1 war axe of Golulyw {freeze, Fragile rC++
                  | rN+ Dex+4}
 29074 | D:14     | Reached skill level 15 in Dodging
 29301 | D:14     | Reached skill level 15 in Fighting
 30055 | D:14     | Found a gate to the Vaults.
 30399 | D:15     | Entered Level 15 of the Dungeon
 30644 | D:15     | Reached skill level 15 in Shields
 30924 | D:15     | Found a staircase to the Depths.
 31115 | Elf:1    | Entered Level 1 of the Elven Halls
 31234 | Elf:1    | Noticed Frances
 31248 | Elf:1    | Killed Frances
 31380 | Elf:1    | You are sucked into a shaft and drop 1 floor!
 31439 | Elf:2    | Paralysed by an air elemental for 1 turns
 31448 | Elf:2    | Paralysed by an air elemental for 1 turns
 31611 | Elf:1    | Found Rytucill's Antique Weapon Emporium.
 31936 | Elf:1    | Reached XP level 19. HP: 143/143 MP: 0/0
 31936 | Elf:1    | Learned a level 6 spell: Eringya's Noxious Bog
 32240 | Elf:2    | Found Quenkec's Distillery.
 32295 | Elf:2    | Bought a potion of might for 56 gold pieces
 32295 | Elf:2    | Bought a potion of heal wounds for 70 gold pieces
 32295 | Elf:2    | Bought a potion of heal wounds for 70 gold pieces
 32295 | Elf:2    | Bought a potion of mutation for 112 gold pieces
 32295 | Elf:2    | Bought a potion of mutation for 112 gold pieces
 32295 | Elf:2    | Bought a potion of mutation for 112 gold pieces
 32295 | Elf:2    | Bought a potion of curing for 42 gold pieces
 32295 | Elf:2    | Bought a potion of curing for 42 gold pieces
 32565 | Elf:2    | Found a huge runed translucent gate.
 32565 | Elf:2    | Found a huge runed translucent gate.
 32565 | Elf:2    | Found a huge runed translucent gate.
 32565 | Elf:2    | Found a huge runed translucent gate.
 32570 | Elf:2    | Found a huge runed translucent gate.
 32709 | Elf:2    | Reached skill level 20 in Unarmed Combat
 33288 | Elf:3    | Entered Level 3 of the Elven Halls
 33838 | Elf:3    | Reached skill level 10 in Conjurations
 33838 | Elf:3    | Reached skill level 10 in Hexes
 33838 | Elf:3    | Reached skill level 10 in Necromancy
 33838 | Elf:3    | Reached skill level 10 in Translocations
 33838 | Elf:3    | Reached skill level 10 in Transmutations
 33838 | Elf:3    | Reached skill level 10 in Fire Magic
 33838 | Elf:3    | Reached skill level 10 in Ice Magic
 33838 | Elf:3    | Reached skill level 10 in Air Magic
 33838 | Elf:3    | Reached skill level 10 in Earth Magic
 33838 | Elf:3    | Reached skill level 10 in Poison Magic
 34182 | Elf:3    | Found Ugytafot's General Store.
 34190 | Elf:3    | Bought a potion of invisibility for 160 gold pieces
 34190 | Elf:3    | Bought a potion of heal wounds for 100 gold pieces
 34204 | Elf:3    | Identified the +7 dire flail "Boeczax" {chaos, rCorr SInv}
 34205 | Elf:3    | Found a runed translucent door.
 34205 | Elf:3    | Found a shimmering altar of Xom.
 34205 | Elf:3    | Noticed olmar's ghost (adept AtFi)
 34288 | Elf:3    | Killed olmar's ghost
 34445 | Elf:3    | Identified the ring of the Final Chapter {rC+ rN+ Will+
                  | Int+6}
 34688 | Elf:3    | Identified the +3 scale mail "Goerewi" {Rampage rElec rF-
                  | Stlth-}
 34691 | Elf:3    | Identified the ring "Kilyc" {rPois rCorr Str+6 Int-4 Dex+3}
 34726 | Elf:3    | Identified the +4 short sword "Gixoam" {heavy, Will+}
 34738 | Elf:3    | Identified the +2 war axe of Charity {protect, rElec rPois
                  | Str-4 Dex+3}
 34863 | Elf:3    | Reached XP level 20. HP: 94/150 MP: 0/0
 35059 | Elf:3    | Reached skill level 15 in Spellcasting
 35139 | Elf:3    | Identified the +7 dagger "Dudiukyr" {protect, Dex+2}
 35201 | Elf:3    | Identified the +2 plate armour "Ibreot" {rC+}
 35541 | Vaults:1 | Entered Level 1 of the Vaults
 36223 | Vaults:1 | Found a runed translucent gate.
 36223 | Vaults:1 | Found a runed translucent gate.
 36223 | Vaults:1 | Found a runed translucent gate.
 36223 | Vaults:1 | Noticed a dread lich
 36223 | Vaults:1 | Noticed an ancient lich
 36223 | Vaults:1 | Noticed a dread lich
 36224 | Vaults:1 | Noticed Kevimi's ghost (adept FeNe)
 36296 | Vaults:1 | Killed a dread lich
 36301 | Vaults:1 | Killed an ancient lich
 36305 | Vaults:1 | Killed Kevimi's ghost
 36325 | Vaults:1 | Killed a dread lich
 36332 | Vaults:1 | Identified the amulet "Loryel" {Drain Regen+ Str+4 Int+3}
 36350 | Vaults:1 | Identified the +0 helmet of the Elven Halls {Harm Will+}
 36485 | Vaults:1 | Identified the +2 chain mail "Zyteunn" {-Cast +Blink Fly}
 37171 | Vaults:2 | Found Eleajy's Armour Boutique.
 37531 | Vaults:2 | Found a portal to a secret trove of treasure.
 37571 | Vaults:2 | Reached XP level 21. HP: 139/157 MP: 0/0
 37571 | Vaults:2 | Learned a level 7 spell: Enfeeble
 37762 | Vaults:2 | Found a transporter.
 37765 | Vaults:2 | Found a bloodstained altar of Trog.
 37765 | Vaults:2 | Noticed Qeunemit's ghost (adept GrFi)
 37787 | Vaults:2 | Found a transporter.
 38150 | Vaults:2 | Found Wiex's Weapon Boutique.
 38150 | Vaults:2 | Found Isocrim's Weapon Boutique.
 38181 | Vaults:2 | Reached skill level 15 in Necromancy
 38456 | Vaults:2 | Found Ugytafot's Armour Boutique.
 38966 | Vaults:3 | Found Asaogruh's Armour Shop.
 39331 | Vaults:3 | Found a magical portal.
 39333 | Vaults:3 | You are sucked into a shaft and drop 1 floor!
 39420 | Vaults:4 | Found Taeng's Antique Weapon Shoppe.
 39539 | WizLab   | Entered Alistair's Party Mansion
 39626 | WizLab   | Reached skill level 15 in Conjurations
 39626 | WizLab   | Reached skill level 15 in Hexes
 39626 | WizLab   | Reached skill level 15 in Translocations
 39626 | WizLab   | Reached skill level 15 in Transmutations
 39626 | WizLab   | Reached skill level 15 in Fire Magic
 39626 | WizLab   | Reached skill level 15 in Ice Magic
 39626 | WizLab   | Reached skill level 15 in Air Magic
 39626 | WizLab   | Reached skill level 15 in Earth Magic
 39626 | WizLab   | Reached skill level 15 in Poison Magic
 40000 | WizLab   | Noticed a golden dragon
 40087 | WizLab   | Noticed a golden dragon
 40087 | WizLab   | Noticed a golden dragon
 40143 | WizLab   | Acquired the ring of the Vendetta {Fly Int+2 Slay+2 SInv}
 40540 | Vaults:3 | Reached XP level 22. HP: 140/163 MP: 0/0
 40667 | Vaults:3 | Found a staircase to the Crypt.
 40853 | Vaults:3 | Noticed Nikola
 40977 | Vaults:3 | Killed Nikola
 41663 | Vaults:4 | Noticed Bai Suzhen
 41705 | Vaults:4 | Killed Bai Suzhen
 42475 | Vaults:5 | Entered Level 5 of the Vaults
 42846 | Vaults:5 | Identified the ring "Mameyq" {rC- rN+ Will- Int+8}
 43048 | Vaults:5 | Identified the staff "Vaesaz" {Contam rF++ rN+ Int+3 Dex-5
                  | Necro}
 43279 | Vaults:5 | Noticed a golden dragon
 43303 | Vaults:5 | Killed a golden dragon
 43411 | Vaults:5 | Identified the +9 chain mail of Maoraim {Fly rElec}
 43495 | Vaults:5 | Reached XP level 23. HP: 165/171 MP: 0/0
 43495 | Vaults:5 | Learned a level 8 spell: Necromutation
 43523 | Vaults:5 | Identified the +4 war axe of Gin and Tonic {flame, +Blink}
 43524 | Vaults:5 | Identified the ring of Tuemac {Wiz +Blink rElec}
 43674 | Vaults:5 | Noticed an ancient lich
 43687 | Vaults:5 | Killed an ancient lich
 44215 | Vaults:5 | Reached skill level 21 in Unarmed Combat
 44730 | Vaults:5 | Got a silver rune of Zot
 44886 | Crypt:1  | Entered Level 1 of the Crypt
 47584 | Crypt:3  | Entered Level 3 of the Crypt
 47671 | Crypt:3  | Reached XP level 24. HP: 154/172 MP: 0/0
 48202 | Crypt:3  | Found a staircase to the Tomb.
 48417 | Crypt:3  | Identified the +12 rapier of Fomucec {heavy, Dex+3}
 48422 | Crypt:3  | Identified the +3 ring mail "Idetz" {*Corrode rN+ Dex+3}
 49264 | Tomb:1   | Entered Level 1 of the Tomb of the Ancients
 49579 | Tomb:1   | Acquired the amulet of Gitulixt {Reflect rF+ Int+5 SH+5}
 49826 | Tomb:1   | Noticed a royal mummy
 49829 | Tomb:1   | Noticed a royal mummy
 49856 | Tomb:1   | Killed a royal mummy
 49997 | Tomb:1   | Noticed a royal mummy
 50013 | Tomb:1   | Killed a royal mummy
 50027 | Tomb:1   | Reached skill level 22 in Unarmed Combat
 50144 | Tomb:1   | Noticed a royal mummy
 50144 | Tomb:1   | Noticed a royal mummy
 50145 | Tomb:1   | Noticed a royal mummy
 50233 | Tomb:1   | Killed a royal mummy
 50802 | Slime:1  | Entered Level 1 of the Pits of Slime
 50845 | Slime:1  | Gained mutation: You occasionally shout uncontrollably at
                  | your foes. [a shining eye]
 50904 | Slime:2  | Gained mutation: You are occasionally teleported next to
                  | monsters. [a shining eye]
 50911 | Slime:1  | Lost mutation: You occasionally shout uncontrollably at
                  | your foes. [potion of mutation]
 50911 | Slime:1  | Lost mutation: You are occasionally teleported next to
                  | monsters. [potion of mutation]
 50911 | Slime:1  | Lost mutation: You passively map a small area around you.
                  | [potion of mutation]
 50911 | Slime:1  | Gained mutation: Your spells are a little harder to cast,
                  | but a little more powerful. [potion of mutation]
 50911 | Slime:1  | Gained mutation: You are clumsy. (Dex -2) [potion of
                  | mutation]
 50911 | Slime:1  | Lost mutation: You are strong-willed. (Will+) [potion of
                  | mutation]
 51239 | Slime:5  | Entered Level 5 of the Pits of Slime
 51373 | Slime:5  | Noticed the Royal Jelly
 51402 | Slime:5  | Killed the Royal Jelly
 51559 | Slime:5  | Got a slimy rune of Zot
 51595 | Slime:5  | Found the +3 robe of Clouds {*Thunder rCloud rElec}
 51684 | Slime:5  | Reached XP level 25. HP: 174/186 MP: 0/0
 51684 | Slime:5  | Learned a level 8 spell: Maxwell's Capacitive Coupling
 51685 | Slime:5  | Found the +2 hat of the Bear Spirit {Spirit, Bear, *Rage
                  | Will++}
 51761 | Slime:5  | Identified the +7 hand axe of Hanaez {freeze, rN+ Will-
                  | MP-9 Dex+7}
 52216 | Depths:1 | Entered Level 1 of the Depths
 52401 | Depths:1 | Found a gateway to Hell.
 52404 | Depths:1 | Found Sekkanox's Mayhem Merchandise.
 52437 | Depths:1 | Found an ornate altar of the Wu Jian Council.
 52473 | Depths:1 | Found an opulent altar of Gozag.
 52582 | Depths:1 | Found a one-way gate to the infinite horrors of the Abyss.
 52778 | Depths:1 | Found Gozag's Platinum Reserve.
 53101 | Depths:2 | Found Ittoixtauch's Book Shop.
 53155 | Depths:2 | Identified the +10 dagger of Disembowelment {heavy, Int+2}
 53272 | Depths:2 | Noticed Saint Roka
 53276 | Depths:2 | Killed Saint Roka
 53373 | Depths:2 | Identified the +0 ring mail "Leibomer" {rF+}
 53465 | Depths:2 | Identified the +6 chain mail "Zeskah" {+Inv Int+5}
 53633 | Depths:2 | Paralysed by a floating eye for 4 turns
 53991 | Depths:2 | Found a one-way gate leading to the halls of Pandemonium.
 54062 | Depths:2 | Found a glowing golden altar of the Shining One.
 54384 | Depths:3 | Found a white marble altar of Elyvilon.
 54431 | Depths:3 | Found Levvimot's Weapon Shoppe.
 54553 | Depths:3 | Reached skill level 23 in Unarmed Combat
 54657 | Depths:3 | Found a one-way gateway to a ziggurat.
 54979 | Depths:3 | Reached XP level 26. HP: 172/186 MP: 0/0
 55127 | Depths:3 | Noticed a juggernaut
 55131 | Depths:3 | Killed a juggernaut
 55845 | Depths:4 | Entered Level 4 of the Depths
 56055 | Depths:4 | Found a gate to the Realm of Zot.
 56810 | Depths:4 | Found an iron altar of Okawaru.
 57005 | Zot:1    | Entered Level 1 of the Realm of Zot
 57067 | Zot:1    | Noticed an orb of fire
 57067 | Zot:1    | Noticed an orb of fire
 57067 | Zot:1    | Noticed an orb of fire
 57073 | Zot:1    | Killed an orb of fire
 57074 | Zot:1    | Reached skill level 24 in Unarmed Combat
 57081 | Zot:1    | Killed an orb of fire
 57089 | Zot:1    | Noticed an orb of fire
 57093 | Zot:1    | Killed an orb of fire
 57103 | Zot:1    | Killed an orb of fire
 57119 | Zot:1    | Identified the ring "Gutomaiz" {Ice *Slow rPois rCorr
                  | Int+2}
 57119 | Zot:1    | Noticed Josephina
 57130 | Zot:1    | Killed Josephina
 58035 | Zot:2    | Noticed a Killer Klown
 58047 | Zot:2    | Noticed a Killer Klown
 58069 | Zot:2    | Killed a Killer Klown
 58392 | Zot:2    | Killed a Killer Klown
 58506 | Zot:2    | Noticed an orb of fire
 58514 | Zot:2    | Killed an orb of fire
 58563 | Zot:3    | Noticed a Killer Klown
 58571 | Zot:3    | Killed a Killer Klown
 58899 | Zot:4    | Noticed an orb of fire
 58908 | Zot:4    | Killed an orb of fire
 58909 | Zot:4    | Reached skill level 25 in Unarmed Combat
 59043 | Zot:5    | Entered Level 5 of the Realm of Zot
 59138 | Zot:5    | Acquired the +1 pair of gloves of Theory {Fly Slay+5}
 59232 | Zot:5    | Identified the +13 plate armour of Iloi {-Cast +Inv rElec
                  | rPois}
 59623 | Zot:5    | Noticed a dread lich
 59630 | Zot:5    | Noticed a Killer Klown
 59637 | Zot:5    | Killed a dread lich
 59640 | Zot:5    | Killed a Killer Klown
 59778 | Zot:5    | Noticed an orb of fire
 59782 | Zot:5    | Killed an orb of fire
 59810 | Zot:5    | Noticed an orb of fire
 59824 | Zot:5    | Killed an orb of fire
 59916 | Zot:5    | Noticed a Killer Klown
 59926 | Zot:5    | Killed a Killer Klown
 59927 | Zot:5    | Noticed an orb of fire
 59936 | Zot:5    | Killed an orb of fire
 60173 | Zot:5    | Noticed an orb of fire
 60181 | Zot:5    | Killed an orb of fire
 60194 | Zot:5    | Acquired a manual of Hexes
 60229 | Zot:5    | Noticed a dread lich
 60395 | Zot:5    | Killed a dread lich
 60450 | Zot:5    | Noticed an orb of fire
 60450 | Zot:5    | Noticed an orb of fire
 60455 | Zot:5    | Killed an orb of fire
 60471 | Zot:5    | Killed an orb of fire
 60499 | Zot:5    | Noticed an orb of fire
 60504 | Zot:5    | Noticed an orb of fire
 60507 | Zot:5    | Killed an orb of fire
 60526 | Zot:5    | Killed an orb of fire
 60536 | Zot:5    | Noticed a dread lich
 60551 | Zot:5    | Killed a dread lich
 60741 | Zot:5    | Got the Orb of Zot
 60964 | Depths:4 | Noticed Urimax the pandemonium lord
 60976 | Depths:4 | Killed Urimax the pandemonium lord
 61198 | D:13     | Noticed a seraph
 61357 | D:7      | Reached skill level 26 in Unarmed Combat
 61448 | D:3      | Noticed Emegui the pandemonium lord
 61461 | D:3      | Noticed Wuty the pandemonium lord
 61468 | D:3      | Killed Wuty the pandemonium lord
 61475 | D:3      | Killed Emegui the pandemonium lord
 61545 | D:$      | Escaped with the Orb!

Illustrated notes

Levels and vault maps discovered:
D:1:      dpeg_arrival_orchard, layout_loops_ring, serial_shops, shop,
          serial_park_tiny_pond
D:2:      layout_rooms, serial_curves, eino_curves_02, eino_curves_04,
          eino_curves_01
D:3:      layout_loops_ring, nicolae_overflow_squiral,
          gammafunk_ghost_mausoleum, grunt_decor_mini_mirrors, uniq_grinder
D:4:      layout_basic, kennysheep_slug_shrine, mainiacjoe_overflow_alcove_2,
          gup_sewer_entry_spiral, kennysheep_generic_room_5
D:5:      layout_rooms
D:6:      layout_loops_ring, minmay_temple_entry_statues,
          kennysheep_big_empty_room, uniq_duvessa
D:7:      layout_loops_ring, gammafunk_ghost_hive,
          nicolae_houndstooth_variations, uniq_menkaure
D:8:      layout_cave_pods, lemuel_round_altar, gammafunk_temple_overflow_pools,
          minmay_quadrilaterals
D:9:      layout_cave_pods, grunt_lair_entry_orc_guard_hut,
          hangedman_tell_no_tales
D:10:     layout_layer_cave, serial_shops, nicolae_shop_bloodbath_and_beyond,
          grunt_decor_resistance, nrook_loot_triangle,
          hangedman_decor_peaks_small, minmay_puff
D:11:     layout_roguey, serial_shops, nicolae_shop_back_alley_shop,
          patterned_corridor, uniq_grum, uniq_nergalle, uniq_psyche
D:12:     layout_rooms, erik_orc_2, serial_shops, nicolae_shop_statue_plus,
          uniq_snorg
D:13:     layout_basic, grunt_dithmenos_smoke, uniq_maurice
D:14:     layout_layer_cave, hangedman_vaults_entry_quadrant_bands,
          serial_park_tiny_pond, serial_co_window_serial, co_window_cross_1,
          co_window_corner_a, co_window_of_opportunity_a,
          co_window_of_opportunity_a, co_window_corner_a, co_window_cross_1,
          co_window_of_opportunity_c, co_window_corner_b,
          co_window_of_opportunity_c, co_window_of_opportunity_b,
          co_window_broadway_c, co_window_paths_c, glass_columns_a
D:15:     hangedman_depths_entry_try_elsewhere_first, layout_cave_pools,
          einodemon_crawler_minivault
Lair:1:   layout_cave_pods, infiniplex_staircase_pool_2, lemuel_fruit_fields,
          uniq_gastronok
Lair:2:   layout_chaotic_city, nicolae_swamp_entry_splash_gauntlet,
          dummy_snake_entry, nzn_ghost_randoct, st_stairs_4
Lair:3:   layout_regular_city, gammafunk_ghost_split, gauntlet_entry_generic,
          grunt_megastairs_1, uniq_sonja
Lair:4:   layout_small_grid, slime_entry_1, lemuel_fruit_tree,
          serial_bayou_shore_a
Lair:5:   evilmike_catoblepas_cave, layout_cave_pods,
          portal_ice_cave_entry_pillars_1
Swamp:1:  nicolae_swamp_ascending_descending_big, layout_basic_swamp,
          evilmike_swamp_ruin_house_3, swamp_pool1, uniq_jorgrun
Swamp:2:  layout_basic_swamp, evilmike_swamp_ruin_house_2, swamp_pool1,
          nicolae_swamp_necromancer_hut, uniq_aizul
Swamp:3:  nicolae_swamp_decorative_isthmus, layout_basic_swamp,
          evilmike_swamp_ruin_house_5, nicolae_swamp_spooky_pond
Swamp:4:  swamp, layout_basic_swamp, swamp_pool1
Snake:1:  layout_misc_corridors, serial_shops, nicolae_shop_tiny_waterfront,
          nicolae_shop_real_fake_doors, grunt_ministairs_7,
          nicolae_snake_salamander_stairs
Snake:2:  nicolae_snake_crotalidae_crossing, layout_basic, minmay_shoptagon
Snake:3:  layout_chambers, serial_shops, shop
Snake:4:  johnstein_snake_rune_scales, layout_cave_town, grunt_ministairs_12,
          minmay_snake_pond, uniq_vashnia
Slime:1:  cheibrodos_slime_lost_civilization_2, layout_caves,
          nicolae_slime_phagocytosis
Slime:2:  layout_caves
Slime:3:  layout_caves
Slime:4:  layout_caves, basic_altar
Slime:5:  slime_pit_nicolae_inversion
Orc:1:    layout_caves, minmay_orc_temple_b, uniq_urug
Orc:2:    grunt_orc_community_town_hall, layout_caves,
          grunt_orc_community_big_house_1, grunt_orc_community_big_house_1,
          grunt_orc_community_house_3, grunt_orc_community_house_3,
          grunt_orc_community_house_2, grunt_orc_community_house_2,
          grunt_orc_community_house_3, grunt_orc_community_house_1, uniq_nessos
Elf:1:    layout_gridlike, serial_shops, nicolae_shop_tiny_statue_garden,
          hangedman_elven_crosses_minicolossus, uniq_frances
Elf:2:    elven_hall_of_blades_hangedman_alternative [grunt_blade_entry_basic],
          layout_geoelf_diagonals, serial_shops, nicolae_diamond_shop
Elf:3:    minmay_elf_hall_curves, layout_geoelf_diagonals, ebering_ghost_xom,
          serial_shops, nicolae_shop_waterfront, lemuel_flamethrower_hall
Vaults:1: gammafunk_ghost_crypt, nicolae_vaults_meeting,
          nicolae_vaults_mini_display_case, vaults_standard_mumra_x,
          hangedman_vaults_pinch, nicolae_vaults_house_2, layout_vaults_omnigrid
Vaults:2: gammafunk_ghost_wrathful_warriors, v_misc_28, v_misc_2,
          nicolae_vaults_house_3, nicolae_vaults_storage_closets_1,
          hangedman_vaults_hard_town_square, nicolae_vaults_trapezoid_2,
          dpeg_vaults_monster_box, layout_vaults_chaotic_city, enter_trove_3
Vaults:3: infiniplex_enter_wizlab_water, minmay_crypt_entry_simple_round,
          nicolae_vaults_trapezoid_layered, nicolae_vaults_tetromino_Z_1,
          nicolae_vaults_prndl, nicolae_vaults_little_ls,
          nicolae_vaults_three_branches, nicolae_vaults_apartment_1,
          nicolae_vaults_little_squares_3, hangedman_vaults_trim,
          vaults_room_corners, layout_vaults_ring, serial_shops,
          nicolae_lakefront_shop, uniq_nikola
Vaults:4: nicolae_vaults_closet_pinwheel_4, nicolae_vaults_trapezoid_lopsided_3,
          nicolae_vaults_bisected_exclaves,
          nicolae_vaults_windows_and_doors_thing, v_misc_33,
          nicolae_vaults_offset_grid_hallway_2,
          ontoclasm_vaults_decontamination, nicolae_vaults_shrinking_rooms_1,
          dpeg_vaults_monster_row, ontoclasm_vaults_water_temple,
          layout_vaults_omnibox, serial_shops, shop, uniq_bai_suzhen
Vaults:5
Crypt:1:  layout_regular_city, grunt_crypt_arrival_webbed
Crypt:2:  layout_chaotic_city, grunt_megastairs_5
Crypt:3:  quadcrypt_mu, uniq_vv
Tomb:1
Depths:1: layout_cave_pools, nzn_wu_jian_council_hall, abyss_entry, hell_entry,
          grunt_ministairs_12, minmay_shop_mayhem, minmay_misc_feat_iff,
          nicolae_gozag_zags_fifth_avenue
Depths:2: minmay_the_grid_four_pointed_star_mashed
          [minmay_the_grid_triangle_9x9_corrupted_corridor,
          minmay_the_grid_triangle_9x9_steps,
          minmay_the_grid_triangle_9x9_intruding_spiral,
          minmay_the_grid_triangle_9x9_semitri,
          minmay_the_grid_prize_trominoes], layout_twisted_cross,
          hangedman_decor_slide_cut, grunt_hell_entry_dis_grunt,
          grunt_pan_entry_zigzag, serial_shops, nicolae_book_shop_shelving,
          tso_altar, uniq_saint_roka
Depths:3: cheibrodos_spurs, layout_basic, enter_ziggurat_a,
          minmay_room_of_horrors, nicolae_elyvilon_temple_path, serial_shops,
          shop, pf_hell_entry_tar_spiral, kennysheep_generic_room_6,
          infiniplex_staircase_zigzag_3
Depths:4: grunt_zot_entry_tricorne, layout_small_grid,
          hangedman_abyss_entry_splay, okawaru_trees_2, grunt_mini_vestibule,
          kilobyte_rumbling_trees
Zot:1:    lemuel_draconian_sentries_small, layout_gridlike, lemuel_lake_of_fire,
          uniq_josephina
Zot:2:    grunt_zot_stairs_mandelzot, layout_twisted_circle, grunt_ministairs_6
Zot:3:    layout_concentric_octagons, st_stairs_2
Zot:4:    kennysheep_six_static_rooms, layout_onion_interference,
          grunt_megastairs_3
Zot:5:    layout_misc_corridors

Skill      XL: |  1  2  3  4  5  6  7  8  9 10 11 12 13 14 15 16 17 18 19 20 21 22 23 24 25 26 |
---------------+-------------------------------------------------------------------------------+-----
Unarmed Combat | 5 6 8 9 10 11 12 14 15 16 17 18 19 20 21 22 23 26 | 26.0
Spellcasting   | 3 4 6 8 9 10 14 18 20 21 22 | 22.4
Conjurations   | 3 4 5 7 8 11 13 15 16 | 16.8
Hexes          | 3 4 5 7 8 11 13 15 16 | 16.8
Summonings     | 3 4 5 7 0 |  0.0
Necromancy     | 3 4 5 7 8 11 13 17 18 19 | 19.6
Translocations | 3 4 5 7 8 11 13 15 16 | 16.8
Transmutations | 3 4 5 7 8 11 13 15 16 | 16.8
Fire Magic     | 3 4 5 7 8 11 13 15 16 | 16.8
Ice Magic      | 3 4 5 7 8 11 13 15 16 | 16.8
Air Magic      | 3 4 5 7 8 11 13 15 16 | 16.8
Earth Magic    | 3 4 5 7 8 11 13 15 16 | 16.8
Poison Magic   | 3 4 5 7 8 11 13 15 16 | 16.8
Fighting       | 5 8 10 11 12 13 14 15 16 17 18 19 23 | 23.2
Dodging        | 5 8 10 11 12 13 14 15 16 17 18 19 23 | 23.6
Stealth        | 3 5 6 8 |  8.8
Shields        | 2 7 10 11 13 14 15 17 19 20 | 20.4

Action                     |  1- 3 |  4- 6 |  7- 9 | 10-12 | 13-15 | 16-18 | 19-21 | 22-24 | 25-27 || total
---------------------------+-------+-------+-------+-------+-------+-------+-------+-------+-------++-------
  Melee: Unarmed           |   115 |   179 |   369 |   805 |  1954 |  2145 |  1408 |  2596 |  1131 || 10702
         Headbutt          |    10 |     3 |       |       |     4 |       |       |       |       ||    17
         Punch             |     2 |     3 |     1 |     3 |       |       |       |    13 |   200 ||   222
         Tailslap          |       |       |       |       |       |       |       |    13 |   219 ||   232
         Bite              |       |       |       |       |       |       |       |     7 |   152 ||   159
   Cast: Beastly Appendage |    15 |     4 |       |       |     2 |     1 |       |       |       ||    22
         Spider Form       |       |    18 |    23 |    35 |     1 |       |       |       |       ||    77
         Wereblood         |       |     4 |     4 |    13 |    33 |    13 |     1 |       |     3 ||    71
         Ice Form          |       |       |     6 |     9 |     6 |       |       |       |       ||    21
         Sting             |       |       |       |     7 |       |       |       |       |       ||     7
         Swiftness         |       |       |       |     1 |       |       |       |       |       ||     1
         Freezing Cloud    |       |       |       |       |       |       |    43 |    13 |    12 ||    68
         Eringya's Noxious |       |       |       |       |       |       |    22 |    15 |     6 ||    43
         Enfeeble          |       |       |       |       |       |       |     2 |    17 |     4 ||    23
         Momentum Strike   |       |       |       |       |       |       |       |     1 |       ||     1
         Necromutation     |       |       |       |       |       |       |       |    17 |     6 ||    23
         Dragon Form       |       |       |       |       |       |       |       |     4 |    88 ||    92
         Maxwell's Capacit |       |       |       |       |       |       |       |       |    22 ||    22
 Invoke: Sacrifice Experie |       |     1 |       |       |       |       |       |       |       ||     1
         Sacrifice Artific |       |       |     1 |       |       |       |       |       |       ||     1
         Sacrifice Durabil |       |       |     1 |       |       |       |       |       |       ||     1
         Draw Out Power    |       |       |       |     1 |     4 |     3 |     4 |     4 |     3 ||    19
         Sacrifice Love    |       |       |       |     1 |       |       |       |       |       ||     1
         Apocalypse        |       |       |       |       |     1 |     4 |     6 |     4 |     2 ||    17
         Power Leap        |       |       |       |       |     1 |     1 |     1 |     2 |       ||     5
Ability: End Transformatio |       |       |       |     1 |     1 |       |       |     1 |     9 ||    12
         Breathe Fire      |       |       |       |       |       |       |       |     2 |     4 ||     6
    Use: Potion            |     1 |     3 |     8 |     3 |     1 |     1 |     3 |     7 |    12 ||    39
         Scroll            |       |     8 |     6 |     9 |     5 |     2 |     7 |    15 |     9 ||    61
   Stab: Sleeping          |     1 |     5 |       |     3 |    18 |    20 |    10 |    15 |     5 ||    77
         Distracted        |       |     2 |     1 |     7 |    18 |    18 |     8 |    18 |     6 ||    78
         Paralysed         |       |       |       |     6 |    11 |    16 |    12 |    12 |     6 ||    63
         Invisible         |       |       |       |     9 |    12 |    18 |     6 |    31 |    14 ||    90
         Petrified         |       |       |       |       |     3 |       |       |       |       ||     3
         Petrifying        |       |       |       |       |     1 |       |       |       |       ||     1
         Confused          |       |       |       |       |       |     1 |     1 |       |       ||     2
 Armour: Robe              |    20 |     3 |     4 |    29 |    66 |       |       |       |       ||   122
         Skin              |     5 |     4 |    33 |    74 |    20 |       |       |    22 |   271 ||   429
         Steam dragon scal |       |       |     3 |     5 |       |       |       |       |       ||     8
         Animal skin       |       |       |       |       |   180 |   214 |   127 |   252 |     9 ||   782
  Dodge: Dodged            |    60 |   124 |   212 |   581 |   684 |   698 |   380 |   855 |   413 ||  4007
  Block: Tower shield      |       |       |       |   100 |  1955 |  1989 |  1093 |  2376 |   125 ||  7638

Table legend: (Time is in decaauts)
 A = Elapsed time spent in this place.
 B = Non-inter-level travel time spent in this place.
 C = Inter-level travel time spent in this place.
 D = Time resting spent in this place.
 E = Time spent auto-exploring this place.
 F = Levels seen in this place.
 G = Mean time per level.
                   A        B        C        D        E       F      G
               +--------+--------+--------+--------+--------+-----+--------+
         Total |  59985 |  55470 |   4515 |   5973 |  28924 |  60 |  999.8 |
       Dungeon |  14540 |  12949 |   1591 |    549 |   8921 |  15 |  969.3 |
          Lair |   5856 |   5170 |    686 |     54 |   3164 |   5 | 1171.2 |
         Swamp |   3097 |   2952 |    145 |    168 |   1619 |   4 |  774.2 |
     Snake Pit |   5292 |   5120 |    172 |    191 |   2736 |   4 | 1323.0 |
    Slime Pits |   1055 |   1008 |     47 |    278 |     34 |   5 |  211.0 |
  Orcish Mines |   1848 |   1758 |     90 |     31 |    925 |   2 |  924.0 |
   Elven Halls |   4242 |   4125 |    117 |    700 |   1909 |   3 | 1414.0 |
        Vaults |   8438 |   7765 |    673 |    819 |   4108 |   5 | 1687.6 |
         Crypt |   4067 |   3489 |    578 |    398 |   1874 |   3 | 1355.7 |
          Tomb |    972 |    971 |      1 |    186 |    232 |   1 |  972.0 |
        Depths |   4658 |   4417 |    241 |    734 |   2527 |   4 | 1164.5 |
           Zot |   3714 |   3547 |    167 |   1623 |    345 |   5 |  742.8 |
         Sewer |    348 |    348 |      0 |      3 |    165 |   1 |  348.0 |
      Ice Cave |    478 |    478 |      0 |    107 |     96 |   1 |  478.0 |
        Wizlab |    827 |    827 |      0 |    109 |    117 |   1 |  827.0 |
      Gauntlet |    547 |    547 |      0 |     18 |    151 |   1 |  547.0 |
               +--------+--------+--------+--------+--------+-----+--------+

Top non-repeatable levels by time:
Vaults:5: 2080 daAuts
   Elf:3: 1880 daAuts
Vaults:2: 1790 daAuts
    D:14: 1620 daAuts
 Crypt:1: 1614 daAuts
 Snake:4: 1609 daAuts
Depths:3: 1605 daAuts
Vaults:4: 1576 daAuts
 Snake:3: 1572 daAuts
Vaults:1: 1512 daAuts
  Lair:5: 1494 daAuts
Vaults:3: 1478 daAuts
   Elf:2: 1460 daAuts
   Zot:5: 1434 daAuts
 Snake:2: 1420 daAuts
